 Dungeon Crawl Stone Soup version 0.30-b1-2-g02819fbbbe (webtiles) character file.

Game seed: 106383001164887352

167 Borgoz the Trooper (level 5, -4/33 HPs)
             Began as a Gargoyle Berserker on June 22, 2023.
             Was a Believer of Trog.
             Slain by an orc warrior
             ... wielding a +0 trident
              (15 damage)
             ... on level 3 of the Dungeon.
             The game lasted 00:02:04 (1517 turns).

Borgoz the Trooper (Gargoyle Berserker)             Turns: 1517, Time: 00:02:05

Health: -4/33      AC:  9    Str: 22    XL:     5   Next: 48%
Magic:  5/5        EV: 11    Int:  8    God:    Trog [**....]
Gold:   60         SH:  0    Dex:  9    Spells: 4/4 levels left

rFire   . . .        a - +0 mace
rCold   . . .        (no shield)
rNeg    + . .        d - +0 ring mail
rPois   ∞            (no helmet)
rElec   +            (no cloak)
rCorr   .            (no gloves)
SInv    .            (no boots)
Will    ++...        (no amulet) Stlth
                     (no ring)
HPRegen 1.25/turn    (no ring)
MPRegen 0.09/turn

%: no passive effects
@: mighty, strong-willed (expiring), regenerating (expiring)
A: sickness immunity, AC +4, negative energy resistance 1, electricity
resistance, torment resistance 1, petrification resistance
a: Renounce Religion, Berserk, Trog's Hand


You were on level 3 of the Dungeon.
You worshipped Trog.
Trog was pleased with you.
You visited 1 branch of the dungeon, and saw 3 of its levels.

You collected 60 gold pieces.

Inventory:

Hand Weapons
 a - a +0 mace (weapon)
Missiles
 i - 5 silver javelins (quivered)
Armour
 d - a +0 ring mail (worn)
Scrolls
 e - 3 scrolls of blinking {unknown}
 g - 2 scrolls of poison {unknown}
 h - a scroll of amnesia {unknown}
 l - a scroll of enchant armour {unknown}
Potions
 b - a potion of resistance {unknown}
 c - a potion of curing
 f - a potion of might
 j - a potion of berserk rage {unknown}
 k - a potion of mutation


   Skills:
 + Level 4.3 Fighting
 + Level 3.9 Maces & Flails
 + Level 3.5 Armour
 + Level 2.6 Dodging


You had 4 spell levels left.
You didn't know any spells.
Your spell library was empty.

Dungeon Overview and Level Annotations

Branches:
Dungeon (3/15)

Altars:
Sif Muna

Annotations:
D:3 3 runed translucent doors


Innate Abilities, Weirdness & Mutations

You are immune to sickness and miasma.
Your stone body is resilient. (AC +4)
You are immune to poison.
You resist negative energy. (rN+)
You are resistant to electric shocks. (rElec)
You are resistant to unholy torment.
You are immune to petrification.


Message History

The orc warrior hits you but does no damage.
The orc wizard hits you but does no damage.
The orc warrior completely misses you.
You closely miss the orc wizard.
The orc wizard is almost dead.
You feel yourself speed up. The orc wizard casts a spell at you.
You resist with almost no effort. The orc warrior closely misses you.
You hit the orc wizard.
You kill the orc wizard!
Trog accepts your kill.
Trog appreciates your killing of a magic user.
The orc warrior misses you.
The orc warrior hits you from afar with a +0 trident!
The orc warrior barely misses you.
Things that are here:
a +0 dagger; a +0 robe; an orc corpse You closely miss the orc warrior.
The orc warrior hits you with a +0 trident.
You hit the orc warrior but do no damage.
The orc warrior closely misses you.
You barely miss the orc warrior.
The orc warrior hits you but does no damage.
You hit the orc warrior.
The orc warrior is lightly wounded.
The orc warrior misses you.
You're still recovering from your berserk rage.
You sock the orc warrior!
The orc warrior is severely wounded.
You feel the effects of Trog's Hand fading.
The orc warrior completely misses you.
The orc warrior hits you with a +0 trident!
You hit the orc warrior but do no damage.
The orc warrior is severely wounded.
You recover from your berserk rage.
The orc warrior hits you with a +0 trident.
You hit the orc warrior.
The orc warrior is severely wounded.
The orc warrior hits you with a +0 trident!
You die...

#.# #.# #.# #.#
#.# #.# #.# #.#
#@# #o###.###
#oo.....#
......go......+
$.............+
..............+
..............#
............###
#######...###


You could see an orc warrior, 3 orcs and a goblin.

Vanquished Creatures
  2 orc priests (D:3)
  An orc wizard (D:3)
  2 adders (D:2)
  4 dart slugs
  An orc (D:3)
  2 ball pythons (D:2)
  4 endoplasms
  2 giant cockroaches (D:1)
  5 goblins
  8 hobgoblins
  5 jackals (D:2)
  2 kobolds (D:2)
  3 quokkas
  4 bats
  3 frilled lizards (D:1)
  4 rats
52 creatures vanquished.

Notes
Turn   | Place    | Note
-------+----------+-------------------------------------------
     0 | D:1      | Borgoz the Gargoyle Berserker began the quest for the Orb.
     0 | D:1      | Reached XP level 1. HP: 14/14 MP: 1/1
    89 | D:1      | Reached XP level 2. HP: 19/19 MP: 2/2
   458 | D:1      | Reached XP level 3. HP: 20/23 MP: 3/3
   875 | D:2      | Found a shimmering blue altar of Sif Muna.
   946 | D:2      | Reached XP level 4. HP: 9/29 MP: 4/4
  1069 | D:2      | Reached ** piety under Trog
  1478 | D:3      | Reached skill level 4 in Fighting
  1484 | D:3      | Reached XP level 5. HP: 33/33 MP: 5/5
  1497 | D:3      | Found a runed translucent gate.
  1497 | D:3      | Found a runed translucent gate.
  1497 | D:3      | Found a runed translucent gate.
  1497 | D:3      | Noticed an orc warrior
  1517 | D:3      | Slain by an orc warrior

Illustrated notes

Levels and vault maps discovered:
D:1:      doesnt_arrival_eight_statues, layout_loops_cross, minmay_tetromino_i2
D:2:      layout_basic, basic_altar, st_stairs_11
D:3:      layout_basic, cheibrodos_worm_habitat, gammafunk_ghost_necromancy,
          uniq_ijyb

Skill      XL: |  1  2  3  4 |
---------------+-------------+-----
Dodging        | 2 |  2.6
Armour         | 3 |  3.5
Fighting       | 4 |  4.3
Maces & Flails | |  3.9

Action                     |  1- 3 |  4- 6 || total
---------------------------+-------+-------++-------
  Melee: Mace              |   125 |    60 ||   185
 Invoke: Berserk           |     2 |     1 ||     3
         Trog's Hand       |       |     1 ||     1
    Use: Scroll            |       |     3 ||     3
         Potion            |       |     3 ||     3
   Stab: Sleeping          |     1 |       ||     1
 Armour: Animal skin       |    55 |     6 ||    61
         Ring mail         |       |    27 ||    27
  Dodge: Dodged            |   131 |    50 ||   181
